 Dungeon Crawl Stone Soup version 0.31.0-9-g3a7656b989 (webtiles) character file.

Game seed: 4615851267395597956

194524 Peloso the Hoplite (level 18, -1/258 HPs)
             Began as a Minotaur Fighter on Feb 1, 2024.
             Was the Champion of Okawaru.
             Killed by Olgreb's Toxic Radiance
             ... invoked by a naga ritualist
              (5 damage)
             ... on level 3 of the Snake Pit on Feb 2, 2024.
             The game lasted 01:36:47 (42873 turns).

Peloso the Hoplite (Minotaur Fighter)              Turns: 42873, Time: 01:36:48

Health: -1/258     AC: 31    Str: 23    XL:     18   Next: 10%
Magic:  27/27      EV: 13    Int: 21    God:    Okawaru [******]
Gold:   1504       SH: 30    Dex: 23    Spells: 17/17 levels left

rFire   + . .        b - +3 double sword (flame)
rCold   . . .        d - +0 tower shield
rNeg    + . .        p - +4 storm dragon scales "Fujujiza" {rElec rF+ Int+3 Slay+2}
rPois   .            C - +1 hat
rElec   +            Q - +2 cloak {rPois}
rCorr   .            F - +1 pair of gloves
SInv    .            (no boots)
Will    +....        X - amulet of reflection Stlth
                     g - ring "Savoudgh Hush" {MP+9 Str+3 Int+3 Dex+5}
HPRegen 0.63/turn    u - ring of Nalluts {rPois rN+ Str-2 Int+6 Dex+3}
MPRegen 0.20/turn

%: reflection
@: berserking, lethally poisoned (-1 -> -20), poison vulnerable, studying
Staves, very quick
A: horns 2, retaliatory headbutt, iridescent scales 1, clever 1
a: Renounce Religion, Heroism, Finesse, Duel


You were on level 3 of the Snake Pit.
You worshipped Okawaru.
Okawaru was exalted by your worship.
You visited 7 branches of the dungeon, and saw 29 of its levels.
You also visited: Desolation.

You collected 2617 gold pieces.
You spent 1113 gold pieces at shops.

Inventory:

Hand Weapons
 a - a +5 double sword of holy wrath
 b - a +3 double sword of flaming (weapon)
 c - a +2 vampiric demon blade
Armour
 d - a +0 tower shield (worn)
 p - the +4 storm dragon scales "Fujujiza" (worn) {rElec rF+ Int+3 Slay+2}
   (Okawaru gifted it to you on level 5 of the Lair of Beasts)

   Int+3:     It affects your intelligence (+3).
   Slay+2:    It affects your accuracy & damage with ranged weapons and melee
   (+2).
   rF+:       It protects you from fire.
   rElec:     It insulates you from electricity.
 C - a +1 hat (worn)
 F - a +1 pair of gloves (worn)
 Q - a +2 cloak of poison resistance (worn)
Jewellery
 g - the ring "Savoudgh Hush" (left hand) {MP+9 Str+3 Int+3 Dex+5}
   (You found it in the Desolation of Salt)

   [ring of magical power]

   Str+3:     It affects your strength (+3).
   Int+3:     It affects your intelligence (+3).
   Dex+5:     It affects your dexterity (+5).
   MP+9:      It affects your magic capacity (+9).
 u - the ring of Nalluts (right hand) {rPois rN+ Str-2 Int+6 Dex+3}
   (You found it on level 5 of the Dungeon)

   [ring of positive energy]

   Str-2:     It affects your strength (-2).
   Int+6:     It affects your intelligence (+6).
   Dex+3:     It affects your dexterity (+3).
   rPois:     It protects you from poison rN+: It protects you from negative
   energy.
 J - a ring of flight
 M - a ring of see invisible
 X - an amulet of reflection (around neck)
Wands
 Z - a wand of digging (3)
Scrolls
 e - 3 scrolls of revelation
 h - 13 scrolls of teleportation
 y - 6 scrolls of poison
 D - 2 scrolls of immolation
 P - 5 scrolls of identify
Potions
 f - a potion of degeneration {unknown}
 k - 4 potions of enlightenment
 n - 4 potions of might
 H - 2 potions of haste
 L - a potion of invisibility
 T - a potion of attraction
 U - a potion of resistance


   Skills:
 + Level 18.2 Fighting
 + Level 19.8 Long Blades
 + Level 16.9 Armour
 + Level 6.7 Dodging
 + Level 2.0 Stealth
 + Level 23.0 Shields
 + Level 0.5 Unarmed Combat
 + Level 2.1 Invocations
 + Level 0.1 Evocations


You had 17 spell levels left.
You didn't know any spells.
Your spell library contained the following spells:

 Spells                   Type           Power      Damage    Failure   Level
 Freeze                   Ice            0%         1d3       67%         1
 Sandblast                Erth           0%         2d4       67%         1
 Blink                    Tloc           0%         N/A       82%         2
 Jinxbite                 Hex            0%         N/A       82%         2
 Lesser Beckoning         Tloc           0%         N/A       82%         2
 Momentum Strike          Conj/Tloc      0%         3d8       82%         2
 Dazzling Flash           Conj/Hex       0%         N/A       96%         3
 Gell's Gravitas          Tloc           0%         N/A       96%         3
 Mephitic Cloud           Conj/Alch/Air  0%         N/A       96%         3
 Passwall                 Erth           0%         N/A       96%         3
 Stone Arrow              Conj/Erth      0%         3d7       96%         3
 Teleport Other           Tloc           0%         N/A       96%         3
 Volatile Blastmotes      Fire/Tloc      0%         2d10      96%         3
 Brom's Barrelling Bould  Conj/Erth      0%         2d3       100%        4
 Fulminant Prism          Conj/Alch      0%         3d5       100%        4
 Iskenderun's Mystic Bla  Conj/Tloc      0%         2d3       100%        4
 Leda's Liquefaction      Alch/Erth      0%         N/A       100%        4
 Manifold Assault         Tloc           0%         N/A       100%        4
 Curse of Agony           Necr           0%         N/A       100%        5
 Fireball                 Conj/Fire      0%         3d3       100%        5
 Lee's Rapid Deconstruct  Erth           0%         3d4*      100%        5
 Silence                  Hex/Air        0%         N/A       100%        5
 Bombard                  Conj/Erth      0%         9d1       100%        6
 Dispersal                Tloc           0%         N/A       100%        6
 Disjunction              Tloc           0%         N/A       100%        8
 Chain Lightning          Conj/Air       0%         N/A       100%        9
 Fire Storm               Conj/Fire      0%         5d1       100%        9
 Shatter                  Erth           0%         3d5*      100%        9
 Sculpt Simulacrum        Ice/Alch       Unusable   N/A       N/A         6
 Malign Gateway           Summ/Tloc      Unusable   N/A       N/A         7

Dungeon Overview and Level Annotations

Branches:
Dungeon (15/15) Temple (1/1) D:5 Lair (5/5) D:8 Shoals (1/4) Lair:2 Snake (3/4) Lair:2 Slime (0/5) Lair:4 Orc (2/2) D:9 Elf (2/3) Orc:2 Vaults (0/5) D:13 D:14 Depths (0/4) D:15 Desolation (visited)

Altars:
Ashenzari
Cheibriados
Dithmenos
Elyvilon
Fedhas
Gozag
Hepliaklqana
Kikubaaqudgha
Makhleb
Nemelex Xobeh
Okawaru
Qazlal
Ru
Sif Muna
Trog
Uskayaw
Vehumet
Wu Jian
Xom
Yredelemnul
Zin
The Shining One
Jiyva

Shops:
D:4 (!*   D:5 *   D:13 :   D:14 !:*   Orc:2 *(!?   Elf:1 *   Elf:2 *[[==
Shoals:1 *   Snake:1 *

Portals:
Abyss: Lair:2

Annotations:
D:14 4 transporters
Lair:4 Casa
Elf:2 6 runed translucent doors, kalagan's ghost, adept DECj


Innate Abilities, Weirdness & Mutations

You have a pair of horns on your head.
You reflexively headbutt those who attack you in melee.
You are partially covered in iridescent scales. (AC +2)
Your mind is acute. (Int +4, Str/Dex -1)


Message History

The black mamba bites you!
* * * LOW HITPOINT WARNING * * *
The naga ritualist closely misses you. You furiously retaliate!
You headbutt the naga ritualist. The naga ritualist grabs you.
The naga ritualist constricts you.
* * * LOW HITPOINT WARNING * * *
Unknown command.
Okay, then.
Okay, then.
You escape the naga ritualist's grasp.
A naga comes into view. It is wielding a +0 scimitar.
* * * LOW HITPOINT WARNING * * *
You feel extremely sick.
The naga shouts!
* * * LOW HITPOINT WARNING * * *
You are lethally poisoned!
The naga mage attacks as it pursues you!
You block the naga mage's attack.
* * * LOW HITPOINT WARNING * * *
You feel extremely sick.
* * * LOW HITPOINT WARNING * * *
You are more poisoned.
The naga mage attacks as it pursues you!
The naga mage hits you from afar with a +0 halberd.
* * * LOW HITPOINT WARNING * * *
You block the black mamba's attack. You block the naga ritualist's attack.
A red film seems to cover your vision as you go berserk!
You feel yourself moving faster!
You feel mighty!
* * * LOW HITPOINT WARNING * * *
You feel very sick.
* * * LOW HITPOINT WARNING * * *
You are more poisoned.
You block the black mamba's attack. You block the naga mage's attack.
You block the mana viper's attack. You block the naga ritualist's attack.
The black mamba bites you but does no damage.
The naga mage hits you but does no damage.
You feel a strong urge to attack something.
* * * LOW HITPOINT WARNING * * *
You feel very sick.
You die...

.# ... ###...........#
<.#####.. ............##
.#..#...# ##..........##.
#.....#.#####.........<###.
#..........###........####.
#...........##......#####..
#............##...#####....
#......NS....###...........
##.....)S.@.....#####......
#.....NS.......# ##.......
#..............# #........
##.............# ###....#.
##N............# ######.
..#............# #.
.####......)###.# #.
###....## .. #. ##


You could see a naga ritualist (toxic aura), a mana viper, 2 black mambas, a
naga mage (fast) and a naga.

Vanquished Creatures
  Agnes (Snake:3)
  Roxanne (D:14)
  2 imperial myrmidons (Desolation)
  3 deep elf sorcerers
  A stone giant (D:15)
  A deep elf death mage (Elf:2)
  A deep elf annihilator (Elf:1)
  A merfolk javelineer (Shoals:1)
  An ettin (Orc:2)
  2 crystal guardians (Desolation)
  A merfolk impaler (Shoals:1)
  The ghost of paps the Cruncher, a journeyman TrSh of Okawaru (Lair:2)
  Josephine (D:11)
  7 hydras
  10 servants of whispers (Desolation)
  12 ragged hierophants
  2 rakshasas (D:14)
  3 anacondas
  7 peacekeepers (Desolation)
  2 catoblepae
  7 centaur warriors
  2 boulder beetles
  3 merfolk avatars (Shoals:1)
  4 ogre magi (Orc:2)
  5 death knights
  13 two-headed ogres
  Erica (D:8)
  2 hell hogs (Lair:5)
  4 death yaks (Lair:5)
  2 tengu warriors (D:15)
  11 dancing weapons
  2 naga warriors (Snake:1)
  Urug (D:13)
  3 naga sharpshooters
  Sonja (Lair:2)
  5 deep elf knights
  A skyshark (Lair:3)
  4 shock serpents
  2 salamander mystics
  4 mana vipers (Snake:1)
  6 skeletal warriors
  3 sea snakes
  8 deep elf archers
  3 naga ritualists (Snake:1)
  7 harpies
  An orange crystal statue (Elf:1)
  2 ironbound convokers (Desolation)
  Pikel (D:4)
  2 lindwurms (Lair:5)
  A necromancer (D:14)
  18 deep elf pyromancers
  A harpy (shapeshifter) (D:14)
  A wolf spider (D:14)
  5 fauns (Shoals:1)
  2 manticores (Shoals:1)
  9 ugly things
  18 deep elf zephyrmancers
  4 cyclopes
  6 salamanders
  10 elephants
  2 orc sorcerers (Orc:2)
  A meliai (D:13)
  2 merfolk sirens
  A kobold blastminer (Orc:2)
  A water nymph (Shoals:1)
  8 guardian serpents
  29 black mambas
  2 black mambas (shapeshifter)
  3 naga magi
  2 gargoyles (D:12)
  15 cane toads
  A cane toad (shapeshifter) (D:14)
  4 molten gargoyles
  Jeremiah (D:7)
  A large abomination (Lair:2)
  3 rime drakes
  A freezing wraith (D:15)
  6 komodo dragons
  2 yaktaurs
  A tengu conjurer (D:14)
  3 trolls
  4 merfolk
  5 polar bears
  A troll (shapeshifter) (D:14)
  75 saltlings
  8 blink frogs
  A wind drake (Shoals:1)
  5 snapping turtles (Shoals:1)
  5 dream sheep
  A raiju (Lair:2)
  An air elemental (Elf:2)
  7 slime creatures
  5 centaur simulacra (D:14)
  2 water elementals (Elf:2)
  A spriggan (Lair:2)
  2 shadows
  5 wraiths
  A vampire (D:11)
  5 hogs (D:14)
  5 wyverns
  Eustachio (D:4)
  51 yaks
  9 basilisks
  22 humans
  3 fire elementals
  5 vampire mosquitoes
  4 wargs
  A steam dragon (shapeshifter) (D:14)
  3 steam dragons
  14 nagas
  15 water moccasins
  4 hell hounds (Lair:5)
  A black bear (D:6)
  A black bear (shapeshifter) (D:14)
  4 ice beasts
  4 laughing skulls
  24 ogres
  10 orc warriors
  8 centaurs
  9 wolves
  A phantom (D:4)
  8 bullfrogs
  6 kobold brigands
  A gnoll sergeant (D:5)
  A scorpion (D:5)
  5 earth elementals
  16 wights
  8 killer bees
  7 howler monkeys
  An electric eel (Lair:1)
  4 lava snakes (Lair:5)
  2 jellies
  A bombardier beetle (D:4)
  16 orc priests
  4 gnoll boudas
  3 hounds
  4 iguanas
  Crazy Yiuf (D:4)
  Natasha (thrice) (D:4)
  Terence (D:3)
  A sleepcap (D:5)
  17 orc wizards
  30 gnolls
  4 adders
  2 shadow imps (D:5)
  2 white imps (D:7)
  2 ufetubi (D:6)
  A ribbon worm (D:3)
  A dart slug (D:1)
  72 orcs
  7 ball pythons
  8 bats
  5 endoplasms
  A giant cockroach (D:1)
  6 goblins
  10 hobgoblins
  4 jackals (D:1)
  46 kobolds
  2 quokkas
  5 frilled lizards
  11 rats
996 creatures vanquished.

Vanquished Creatures (others)
  Kirke (D:14)
  A naga warrior (Snake:2)
  A deep elf knight (Elf:1)
  4 deep elf pyromancers
  A deep elf zephyrmancer (Elf:1)
  An unseen horror (D:13)
  A water elemental (Elf:1)
  A lava snake (Lair:5)
11 creatures vanquished.

Grand Total: 1007 creatures vanquished

Notes
Turn   | Place    | Note
-------+----------+-------------------------------------------
     0 | D:1      | Peloso the Minotaur Fighter began the quest for the Orb.
     0 | D:1      | Reached XP level 1. HP: 19/19 MP: 0/0
    12 | D:1      | Noticed an electric eel
   122 | D:1      | Reached XP level 2. HP: 24/27 MP: 1/1
   147 | D:1      | You fall into a shaft and drop 1 floor!
   197 | D:2      | Reached skill level 4 in Shields
   844 | D:1      | Reached XP level 3. HP: 30/33 MP: 2/2
  1126 | D:1      | Gained mutation: You are partially covered in iridescent
                  | scales. (AC +2) [potion of mutation]
  1126 | D:1      | Gained mutation: Your mind is acute. (Int +4, Str/Dex -1)
                  | [potion of mutation]
  1252 | D:3      | Reached XP level 4. HP: 16/41 MP: 3/3
  1461 | D:3      | Reached XP level 5. HP: 34/47 MP: 4/4
  1630 | D:3      | Reached skill level 5 in Long Blades
  1742 | D:3      | Reached skill level 5 in Armour
  1742 | D:3      | Reached XP level 6. HP: 21/55 MP: 5/5
  2194 | D:3      | Reached skill level 5 in Fighting
  2479 | D:3      | Found an opulent altar of Gozag.
  2638 | D:3      | Reached XP level 7. HP: 25/61 MP: 6/6
  2796 | D:3      | Noticed Terence
  2810 | D:3      | Killed Terence
  3045 | D:4      | Reached skill level 5 in Shields
  3100 | D:4      | Noticed Natasha
  3100 | D:4      | Noticed Eustachio
  3116 | D:4      | Killed Natasha
  3117 | D:4      | Reached skill level 1 in Dodging
  3178 | D:4      | Killed Eustachio
  3355 | D:4      | Noticed Natasha
  3369 | D:4      | Killed Natasha
  3638 | D:4      | Noticed Pikel
  3677 | D:4      | Killed Pikel
  3678 | D:4      | Reached skill level 6 in Shields
  3678 | D:4      | Reached XP level 8. HP: 65/70 MP: 7/7
  3691 | D:4      | Noticed Natasha
  3696 | D:4      | Killed Natasha
  3755 | D:4      | Found Poiruloc's Assorted Antiques.
  3756 | D:4      | Found Yggosij's Distillery.
  3759 | D:4      | Found Voroetoe's Weapon Emporium.
  4023 | D:4      | Found a runed translucent door.
  4024 | D:4      | Noticed Crazy Yiuf
  4363 | D:4      | Bought a scroll labelled ROUMUG DOTHRUAP for 28 gold pieces
  4363 | D:4      | Bought a scroll labelled LISUAR AGHIBBUIFIA for 28 gold
                  | pieces
  4427 | D:5      | Entered Level 5 of the Dungeon
  4433 | D:5      | Found Tyit's General Store.
  4599 | D:5      | Identified the ring of Nalluts {rPois rN+ Str-2 Int+6
                  | Dex+3}
  4789 | D:5      | Found a staircase to the Ecumenical Temple.
  4807 | Temple   | Entered the Ecumenical Temple
  4810 | Temple   | Became a worshipper of Warmaster Okawaru
  5022 | D:5      | Reached XP level 9. HP: 68/79 MP: 8/8
  5203 | D:5      | Found a stormy altar of Qazlal.
  5491 | D:5      | Found a hazy altar of Hepliaklqana.
  5923 | D:6      | Reached * piety under Okawaru
  5973 | D:6      | Reached skill level 10 in Long Blades
  6124 | D:6      | Reached skill level 7 in Shields
  6225 | D:6      | Reached ** piety under Okawaru
  6594 | D:6      | Reached XP level 10. HP: 88/88 MP: 9/9
  6631 | D:6      | Reached *** piety under Okawaru
  7648 | D:7      | Reached skill level 10 in Armour
  7771 | D:7      | Noticed Jeremiah
  8212 | D:8      | Reached **** piety under Okawaru
  8340 | D:8      | Found a staircase to the Lair.
  8511 | D:8      | Noticed Erica
  8521 | D:8      | Killed Erica
  8784 | D:8      | Reached XP level 11. HP: 94/99 MP: 10/10
  8858 | D:7      | Reached skill level 8 in Shields
  9374 | D:9      | Reached ***** piety under Okawaru
  9649 | D:9      | Reached skill level 10 in Fighting
 10422 | D:9      | Found a staircase to the Orcish Mines.
 10491 | D:10     | Entered Level 10 of the Dungeon
 11315 | D:11     | Noticed a two-headed ogre
 11323 | D:11     | Killed a two-headed ogre
 11324 | D:11     | Reached skill level 9 in Shields
 11453 | D:11     | Noticed a boulder beetle
 11494 | D:11     | Killed a boulder beetle
 11837 | D:11     | Reached skill level 1 in Stealth
 11940 | D:11     | Noticed Josephine
 11958 | D:11     | Killed Josephine
 11961 | D:11     | Received a gift from Okawaru
 12572 | Lair:1   | Entered Level 1 of the Lair of Beasts
 12820 | Lair:1   | Reached XP level 12. HP: 96/110 MP: 11/11
 12853 | Lair:1   | Received a gift from Okawaru
 12854 | Lair:1   | Reached skill level 10 in Shields
 13037 | Lair:1   | Noticed a catoblepas
 13087 | Lair:1   | Killed a catoblepas
 13150 | Lair:1   | HP: 5/112 [elephant (11)]
 13158 | Lair:1   | Reached skill level 11 in Shields
 13159 | Lair:1   | Received a gift from Okawaru
 13168 | Lair:1   | Reached skill level 15 in Long Blades
 13676 | Lair:2   | Found a transporter.
 13684 | Lair:2   | Found a one-way gate to the infinite horrors of the Abyss.
 13684 | Lair:2   | Noticed paps's ghost (journeyman TrSh)
 13698 | Lair:2   | Found a transporter.
 14029 | Lair:2   | Found a staircase to the Snake Pit.
 14030 | Lair:2   | Noticed Sonja
 14062 | Lair:2   | Killed Sonja
 14412 | Lair:2   | Found a staircase to the Shoals.
 14456 | Lair:2   | You fall into a shaft and drop 2 floors!
 14479 | Lair:4   | Reached skill level 12 in Shields
 14630 | Lair:4   | Received a gift from Okawaru
 14819 | Lair:4   | Reached XP level 13. HP: 108/119 MP: 12/12
 15379 | Lair:3   | Reached skill level 13 in Shields
 15494 | Lair:3   | Received a gift from Okawaru
 15552 | Lair:3   | Identified the maw talisman of Dip Dama {Str-4 Dex+2 Slay+5
                  | SInv}
 15646 | Lair:3   | Reached ****** piety under Okawaru
 16212 | Lair:4   | Found a staircase to the Slime Pits.
 16213 | Lair:4   | Found a viscous altar of Jiyva.
 16662 | D:7      | Killed Jeremiah
 16857 | D:7      | Found a bloodstained altar of Trog.
 17687 | D:12     | Reached skill level 14 in Shields
 17829 | D:12     | Received a gift from Okawaru
 18174 | Orc:1    | Entered Level 1 of the Orcish Mines
 18238 | Orc:1    | You fall into a shaft and drop 1 floor!
 18238 | Orc:2    | Entered Level 2 of the Orcish Mines
 18242 | Orc:2    | Paralysed by an orc sorcerer for 4 turns
 18368 | Orc:2    | Noticed an ettin
 18382 | Orc:2    | Killed an ettin
 19123 | Orc:2    | Found a staircase to the Elven Halls.
 19326 | Orc:2    | Received a gift from Okawaru
 19494 | Orc:2    | Reached skill level 15 in Shields
 19704 | Orc:2    | Reached XP level 14. HP: 82/130 MP: 13/13
 19828 | Orc:2    | Reached skill level 1 in Invocations
 20042 | Orc:2    | Found Geesi's Distillery.
 20042 | Orc:2    | Found Mich's Assorted Antiques.
 20043 | Orc:2    | Found Ilig's Magic Scroll Shop.
 20043 | Orc:2    | Found Uvickof's Weapon Emporium.
 20053 | Orc:2    | Bought a scroll labelled LANEACRUICU for 31 gold pieces
 20055 | Orc:2    | Bought a scroll of enchant armour for 120 gold pieces
 20055 | Orc:2    | Bought a scroll of enchant weapon for 120 gold pieces
 20055 | Orc:2    | Bought a scroll of identify for 32 gold pieces
 20063 | Orc:2    | Bought a scroll of identify for 32 gold pieces
 20399 | D:13     | Found Cacriluo's Tremendous Tomes.
 20779 | D:13     | Received a gift from Okawaru
 21503 | Lair:5   | Entered Level 5 of the Lair of Beasts
 21592 | Lair:5   | Reached skill level 16 in Shields
 21796 | Lair:5   | Reached skill level 15 in Armour
 22028 | Lair:5   | Received a gift from Okawaru
 22273 | Lair:5   | Reached skill level 17 in Shields
 22290 | Lair:5   | Found a large runed translucent door.
 22291 | Lair:5   | Found a large runed translucent door.
 23389 | Lair:5   | Received a gift from Okawaru
 23412 | Lair:5   | HP: 1/133 [molten gargoyle/+0 morningstar (8)]
 24510 | D:5      | Bought a +2 cloak of poison resistance for 277 gold pieces
 24886 | D:4      | Killed Crazy Yiuf
 25117 | Lair:2   | Reached XP level 15. HP: 94/139 MP: 14/14
 25145 | Lair:2   | Killed paps's ghost
 25494 | Lair:5   | Acquired a +0 double sword of holy wrath
 25494 | Lair:5   | Received a gift from Okawaru
 25503 | Lair:5   | Acquired the +4 storm dragon scales "Fujujiza" {rElec rF+
                  | Int+3 Slay+2}
 25503 | Lair:5   | Received a gift from Okawaru
 25811 | Snake:1  | Entered Level 1 of the Snake Pit
 26264 | Snake:1  | Received a gift from Okawaru
 26265 | Snake:1  | Reached skill level 18 in Shields
 26272 | Snake:1  | Reached skill level 15 in Fighting
 26343 | Snake:1  | HP: 5/141 [mana viper[a naga ritualist] (12)]
 26751 | Snake:1  | Found Davua's General Store.
 27351 | Snake:2  | Identified the +0 scale mail "Fikhlojig" {rF+ Stlth+}
 27848 | Snake:2  | Received a gift from Okawaru
 28774 | D:14     | Noticed Urug
 28774 | D:14     | Found a gate to the Vaults.
 28797 | D:13     | Reached skill level 19 in Shields
 28855 | D:13     | Killed Urug
 29140 | D:14     | Found Leojyny's Assorted Antiques.
 29151 | D:14     | Bought a scroll of enchant weapon for 217 gold pieces
 29164 | D:14     | Noticed Kirke
 29193 | D:14     | Received a gift from Okawaru
 29220 | D:14     | Killed Kirke
 29652 | D:14     | HP: 6/143 [mirror damage (6)]
 30009 | D:14     | Reached XP level 16. HP: 28/151 MP: 16/16
 30805 | D:14     | Identified the +3 hand axe of Enlaukhla {venom, *Rage rPois
                  | rC+ rN+}
 30808 | D:14     | Identified the +4 war axe "Orphylow" {pain, rElec rF+ Str-4
                  | Dex+2}
 30909 | D:14     | Found a transporter.
 30910 | D:14     | Found Meur's Distillery.
 31001 | D:14     | Found a transporter.
 31011 | D:14     | Reached skill level 5 in Dodging
 31015 | D:14     | Found a transporter.
 31049 | D:14     | Bought a potion of heal wounds for 60 gold pieces
 31049 | D:14     | Bought a potion of might for 48 gold pieces
 31049 | D:14     | Bought a potion of resistance for 120 gold pieces
 31109 | D:14     | Found a transporter.
 31114 | D:14     | Found a transporter.
 31114 | D:14     | Found a transporter.
 31219 | D:14     | Found a transporter.
 31226 | D:14     | Found a transporter.
 31246 | D:14     | Noticed Roxanne
 31284 | D:14     | Killed Roxanne
 31395 | D:14     | Found Dowu's Book Shoppe.
 31473 | D:15     | Entered Level 15 of the Dungeon
 31579 | D:15     | Found a staircase to the Depths.
 31587 | D:15     | Received a gift from Okawaru
 32378 | D:15     | Reached skill level 20 in Shields
 32541 | D:15     | Received a gift from Okawaru
 33128 | Shoals:1 | Entered Level 1 of the Shoals
 34108 | Shoals:1 | Found Luxiwn's Gadget Gallery.
 34609 | Shoals:1 | Received a gift from Okawaru
 35207 | Elf:1    | Entered Level 1 of the Elven Halls
 35496 | Elf:1    | Reached skill level 21 in Shields
 35920 | Elf:1    | Got Kannor's Information on the Creative Missiles
 36041 | Elf:1    | Reached XP level 17. HP: 97/161 MP: 17/17
 36336 | Elf:1    | Received a gift from Okawaru
 36713 | Elf:1    | Found Wuly's Assorted Antiques.
 37343 | Elf:2    | Found Iguyfeok's Armour Shop.
 37366 | Elf:2    | Paralysed by an air elemental for 1 turns
 37415 | Elf:2    | Found Ynosot's Jewellery Emporium.
 37440 | Elf:2    | Found Soanont's Jewellery Shop.
 37505 | Elf:2    | Found Qej Bea's Armour Shoppe.
 37515 | Elf:2    | Found a crumbling gateway.
 37617 | Desolati | Entered the Desolation of Salt
 38294 | Desolati | Received a gift from Okawaru
 38337 | Desolati | Identified the ring "Savoudgh Hush" {MP+9 Str+3 Int+3
                  | Dex+5}
 38459 | Desolati | HP: 5/163 [ragged hierophant/a resonance strike (11)]
 38478 | Desolati | Reached skill level 22 in Shields
 38827 | Desolati | Found the +6 lightning scales {swift, rElec}
 38869 | Desolati | Identified the +7 morningstar of the Sharp God {venom,
                  | rElec Int+3 SInv}
 38881 | Desolati | Identified the amulet of Sucipp {Faith rPois Stlth+}
 38884 | Desolati | HP: 8/163 [ragged hierophant/a resonance strike (3)]
 38889 | Desolati | HP: 3/163 [saltling (5)]
 38895 | Desolati | HP: 3/163 [guardian serpent/bolt of poison (3)]
 38911 | Desolati | HP: 5/163 [saltling (3)]
 38953 | Desolati | Received a gift from Okawaru
 38959 | Desolati | HP: 8/163 [servant of whispers/bolt of lightning (6)]
 39302 | Desolati | Got the Lectures on Frosty Misfortune
 39537 | Desolati | Identified the +8 scale mail of Subjectivity {rN+ rCorr}
 39682 | Desolati | Received a gift from Okawaru
 40090 | Desolati | Identified the ring of Caeklaas {Ice SInv}
 40296 | Elf:2    | Found a runed translucent gate.
 40296 | Elf:2    | Found a runed translucent gate.
 40296 | Elf:2    | Found a runed translucent gate.
 40297 | Elf:2    | Noticed kalagan's ghost (adept DECj)
 40456 | Elf:2    | Reached XP level 18. HP: 128/172 MP: 16/18
 40610 | Elf:2    | Found Fooreyq's General Store.
 40706 | Elf:2    | Found a runed translucent gate.
 40706 | Elf:2    | Found a runed translucent gate.
 40706 | Elf:2    | Found a runed translucent gate.
 41767 | D:14     | You fall into a shaft and drop 1 floor!
 42851 | Snake:3  | Noticed Agnes
 42852 | Snake:3  | Reached skill level 23 in Shields
 42865 | Snake:3  | Killed Agnes
 42872 | Snake:3  | HP: 10/258 [poisoned by a naga ritualist (toxic radiance)]
 42873 | Snake:3  | HP: 4/258 [poisoned by a naga ritualist (toxic radiance)]
 42873 | Snake:3  | Killed from afar by a naga ritualist

Illustrated notes

Levels and vault maps discovered:
D:1:      arrival_aquarium_a, layout_rooms
D:2:      layout_loops_ring
D:3:      minmay_goblin_kobold_castle, layout_basic, grunt_gozag_breadcrumbs,
          uniq_terence
D:4:      layout_basic, nicolae_wooded_promenade, minmay_strange_pillars,
          serial_bayou_crossing, uniq_pikel, uniq_crazy_yiuf_cottage,
          uniq_natasha, uniq_eustachio
D:5:      layout_basic, mainiacjoe_overflow_catwalk_spiral,
          minmay_temple_entry_hall, serial_shops, nicolae_shop_advertising_works
          [nicolae_subvault_shop_adworks], hangedman_decor_peaks_small,
          kennysheep_dice
D:6:      layout_loops_ring, minmay_ruffians
D:7:      layout_loops_cross, tgw_trog, uniq_jeremiah
D:8:      layout_layer_cave, minmay_lair_entry_grove, minmay_misc_feat_roman,
          dreamdust_gnoll_shepherd, uniq_erica
D:9:      layout_gridville, hiddenorc1_lemuel
D:10:     layout_small_grid
D:11:     layout_irregular_city, chequers_decorated_corner, uniq_josephine
D:12:     layout_irregular_city
D:13:     layout_loops_ring, nicolae_shop_i_like_big_books,
          kennysheep_generic_room_4
D:14:     regret_index_reflect_refract, layout_loops_ring, david_vaults_3,
          dreamdust_wishing_well, serial_shops, nicolae_shop_drivethru, shop,
          nicolae_shop_hallway_stairs, serial_nicolae_subway,
          nicolae_sub_station_stone, nicolae_sub_station_metal,
          nicolae_sub_station_crystal, uniq_roxanne, uniq_kirke
D:15:     grunt_enter_depths_snipers, layout_basic, amethyst_killhole
Temple:   dpeg_three_leaves_temple
Lair:1:   layout_cave_shapes, serial_bayou_pond_a,
          nicolae_lair_grove_arrangements, infiniplex_staircase_pool
Lair:2:   layout_loops_ring, elwin_shoals_entry_rooms,
          minmay_snake_entry_spellcaster, gammafunk_ghost_abyssal_escape,
          uniq_sonja
Lair:3:   layout_regular_city
Lair:4:   layout_long_grid, slime_entry_1
Lair:5:   cheibrodos_lair_end_hotspot, layout_layer_cave
Shoals:1: layout_shoals, nicolae_shop_gadgets
Snake:1:  layout_cave_shapes, nicolae_take_the_stairs
Snake:2:  layout_chambers, nicolae_snake_squiggles
Snake:3:  layout_chambers, basic_altar, uniq_agnes
Orc:1:    layout_caves, basic_altar
Orc:2:    st_orc_ogre_mass, layout_diamond_mine
Elf:1:    minmay_elf_arrival_circle, layout_geoelf_octagon, serial_sigils,
          serial_sigils_hangedman_writhe, serial_sigils_hangedman_quiver,
          serial_sigils_hangedman_quiver, serial_sigils_hangedman_shear,
          serial_sigils_hangedman_clutch, serial_shops, nicolae_shop_peninsula,
          minmay_elf_sorcery, minivault_16
Elf:2:    nicolae_elf_blades_splatter_lattice [nicolae_blade_little_rooms],
          layout_gridlike, serial_shops, nicolae_shop_hallway_plus, shop, shop,
          nicolae_shop_trees, nicolae_lakefront_shop,
          portal_desolation_entry_salt, ebering_ghost_rock_garden

Skill      XL: |  1  2  3  4  5  6  7  8  9 10 11 12 13 14 15 16 17 18 |
---------------+-------------------------------------------------------+-----
Shields        | 4 6 7 9 12 15 17 19 21 22 23 | 23.0
Armour         | 4 5 6 7 8 9 11 12 13 14 15 16 | 16.9
Fighting       | 4 5 6 7 8 9 11 12 13 14 15 17 18 | 18.2
Long Blades    | 3 4 5 6 7 8 11 13 14 15 16 17 18 19 | 19.8
Dodging        | 1 2 3 4 6 |  6.7
Stealth        | 1 2 |  2.0
Invocations    | 1 2 |  2.1
Unarmed Combat | |  0.5
Evocations     | |  0.1

Action                     |  1- 3 |  4- 6 |  7- 9 | 10-12 | 13-15 | 16-18 || total
---------------------------+-------+-------+-------+-------+-------+-------++-------
  Melee: Long sword        |    80 |   204 |   419 |   231 |       |       ||   934
         Headbutt          |     9 |    39 |    87 |   216 |   367 |   356 ||  1074
         Scimitar          |       |       |       |   608 |   923 |       ||  1531
         Double sword      |       |       |       |       |   451 |  1204 ||  1655
         Unarmed           |       |       |       |       |     7 |       ||     7
 Invoke: Heroism           |       |       |       |     7 |     4 |    10 ||    21
         Receive Weapon    |       |       |       |       |     1 |       ||     1
         Receive Armour    |       |       |       |       |     1 |       ||     1
  Evoke: Wand              |       |       |       |     3 |       |     5 ||     8
    Use: Potion            |     8 |       |       |     3 |     5 |    13 ||    29
         Scroll            |       |       |       |    10 |    16 |    11 ||    37
 Armour: Scale mail        |    30 |       |       |       |       |       ||    30
         Plate armour      |    52 |   218 |   346 |   707 |   467 |       ||  1790
         Storm dragon scal |       |       |       |       |   239 |   672 ||   911
         Skin              |       |       |       |       |     6 |       ||     6
  Dodge: Dodged            |    35 |    74 |   130 |   180 |   285 |   292 ||   996
  Block: Buckler           |    21 |    70 |   115 |   142 |       |       ||   348
         Tower shield      |       |       |       |   315 |  1518 |  1706 ||  3539
         Reflection        |       |       |       |       |       |    42 ||    42
